 Dungeon Crawl Stone Soup version 0.22.1-6-g1668fe2c40 (webtiles) character file.

387 Kohma the Grave Robber (level 6, -3/50 HPs)
             Began as a Ghoul Necromancer on Jan 22, 2019.
             Killed from afar by an orc wizard (11 damage)
             ... with a puff of flame
             ... on level 3 of the Dungeon.
             The game lasted 00:16:15 (3816 turns).

Kohma the Grave Robber (Ghoul Necromancer)          Turns: 3816, Time: 00:16:16

Health: -3/50      AC:  4    Str: 12    XL:     6   Next: 78%
Magic:  9/9        EV: 11    Int: 12    God:
Gold:   148        SH:  0    Dex:  9    Spells: 1/10 levels left

rFire    . . .     SeeInvis .     - Unarmed
rCold    + . .     Gourm    .   (no shield)
rNeg     + + +     Faith    .   q - +0 leather armour
rPois    ∞         Spirit   .   (no helmet)
rElec    .         Reflect  .   (no cloak)
rCorr    .         Harm     .   (no gloves)
MR       .....                  x - +0 pair of boots
Stlth    +.........             (no amulet)
HPRegen  0.00/turn              (no ring)
MPRegen  0.11/turn              (no ring)

@: confused, rotting
A: rotting body, claws 1, carnivore, cold resistance 1, negative energy
resistance 3, inhibited regeneration, torment resistance, unbreathing
a: no special abilities


You were on level 3 of the Dungeon.
You were not hungry.

You visited 1 branch of the dungeon, and saw 4 of its levels.

You collected 148 gold pieces.

Inventory:

Missiles
 f - 35 stones
 u - 3 tomahawks of returning (quivered)
Armour
 a - a +0 robe
 e - a +2 chain mail of fire resistance
 q - a +0 leather armour (worn)
 x - a +0 pair of boots (worn)
 z - a +0 buckler
Jewellery
 t - an uncursed amulet of magic regeneration {unknown}
Wands
 o - a wand of flame (2)
Scrolls
 b - a scroll of random uselessness {unknown}
 d - 3 scrolls of enchant armour {unknown}
 g - 2 scrolls of remove curse {unknown}
 h - a scroll of amnesia {unknown}
 i - 2 scrolls of magic mapping {unknown}
 k - 6 scrolls of identify {unknown}
 l - 2 scrolls of fear {unknown}
 p - a scroll of noise {unknown}
 s - a scroll of immolation {unknown}
 w - a scroll of teleportation {unknown}
 y - 3 scrolls of fog {unknown}
 B - a scroll of blinking {unknown}
Potions
 j - 2 potions of heal wounds {unknown}
 m - 2 potions of brilliance {unknown}
 n - a potion of might {unknown}
 r - a potion of degeneration {unknown}
 v - a potion of lignification {unknown}
Comestibles
 c - 12 rations


   Skills:
 - Level 2.5 Fighting
 - Level 1.7 Dodging
 - Level 2.1 Stealth
 * Level 2.0 Shields
 + Level 2.7 Unarmed Combat
 + Level 2.9 Spellcasting
 + Level 0.8 Charms
 + Level 5.4 Necromancy


You had one spell level left.
You knew the following spells:

 Your Spells              Type           Power        Failure   Level  Hunger
a - Pain                  Necr           ##..         3%          1    #......
b - Animate Skeleton      Necr           N/A          3%          1    #......
c - Animate Dead          Necr           N/A          34%         4    #####..
d - Regeneration          Chrm/Necr      #.........   26%         3    ###....

Your spell library contained the following spells:

 Spells                   Type           Power        Failure   Level  Hunger
 Vampiric Draining        Necr           ##........   11%         3    ###....


Dungeon Overview and Level Annotations

Branches:
Dungeon (4/15)
 Temple: D:4-7

Altars:


Innate Abilities, Weirdness & Mutations

Your body is rotting away.
You thrive on raw meat.
You are immune to poison.
You have sharp fingernails.
You are carnivorous and can eat meat at any time.
Your flesh is cold resistant. (rC+)
You are immune to negative energy. (rN+++)
You do not regenerate when monsters are visible.
You are immune to unholy pain and torment.
You can survive without breathing.


Message History

Okay, then.
Evoke which item? (* to show all) (? for menu, Esc to quit)
Aiming: Throw Flame
Press: ? - help, Shift-Dir - straight line The puff of flame hits something.
You hear some strange, mumbled words.
You are confused.
Evoke which item? (* to show all) (? for menu, Esc to quit)
You're too confused!
You bump into the rock wall.
You hear some strange, mumbled words.
You are more confused.
Evoke which item? (* to show all) (? for menu, Esc to quit)
You're too confused!
You closely miss something. Something hits you but does no damage.
You're too confused to move!
You hear some strange, mumbled words.
A puff of flame appears from out of thin air!
The puff of flame hits you!
You die...

# #<# # #.# # #.# # ###########
#.# # #.........# #.# #
#.........#########.# #
#.........##........#
###.........##.###########
..'.............@{.......#
###.[.......##.#########.######
# #.........##.# #........# #
#.........##.############.### #
#.....######....##........# #
###############.##.######## #
#..........#.##.# #
#..........'.##.# ###
#..........####.#


There were no monsters in sight!

Vanquished Creatures
  Jessica (D:3)
  Terence (D:3)
  A gnoll (D:3)
  4 adders
  An adder skeleton (D:4)
  2 worms (D:3)
  3 dart slugs
  4 leopard geckos
  3 orcs
  3 ball pythons
  6 bats
  7 giant cockroaches
  9 goblins
  5 hobgoblins
  6 jackals
  11 kobolds
  A quokka (D:3)
  3 frilled lizards
  8 rats
79 creatures vanquished.

Vanquished Creatures (collateral kills)
  A hungry ghost (D:4)
  An ice beast (D:3)
  A dart slug (D:1)
  2 giant cockroaches
  2 goblins
  2 bats
  A kobold (D:1)
10 creatures vanquished.

Grand Total: 89 creatures vanquished

Notes
Turn   | Place    | Note
-------+----------+-------------------------------------------
     0 | D:1      | Kohma the Ghoul Necromancer began the quest for the Orb.
     0 | D:1      | Reached XP level 1. HP: 14/14 MP: 2/2
   132 | D:1      | Reached XP level 2. HP: 4/22 MP: 0/3
   341 | D:1      | Reached skill level 1 in Fighting
   350 | D:1      | Reached skill level 1 in Unarmed Combat
   411 | D:1      | Reached XP level 3. HP: 28/28 MP: 5/5
   594 | D:1      | Learned a level 1 spell: Animate Skeleton
  1356 | D:2      | Reached XP level 4. HP: 28/35 MP: 6/6
  1976 | D:3      | Noticed Jessica
  1983 | D:3      | Killed Jessica
  2144 | D:3      | Noticed an ice beast
  2315 | D:3      | Reached skill level 5 in Necromancy
  2315 | D:3      | Reached XP level 5. HP: 27/41 MP: 7/7
  2884 | D:3      | Killed an ice beast
  2884 | D:3      | Reached skill level 1 in Shields
  2885 | D:3      | Noticed Terence
  2916 | D:3      | Killed Terence
  2916 | D:3      | Reached XP level 6. HP: 22/50 MP: 7/9
  3074 | D:3      | Learned a level 4 spell: Animate Dead
  3078 | D:3      | Learned a level 3 spell: Regeneration
  3472 | D:4      | Noticed a hungry ghost
  3525 | D:4      | Killed a hungry ghost
  3816 | D:3      | Killed from afar by an orc wizard

Skill      XL: |  1  2  3  4  5  6 |
---------------+-------------------+-----
Spellcasting   | 2 |  2.9
Fighting       | 1 2 |  2.5
Unarmed Combat | 1 2 |  2.7
Necromancy     | 5 |  5.4
Shields        | 1 2 |  2.0
Dodging        | |  1.7
Stealth        | |  2.1
Charms         | |  0.8

Action                   |  1- 3 |  4- 6 || total
-------------------------+-------+-------++-------
Melee: Unarmed           |   127 |   282 ||   409
 Cast: Pain              |    13 |    15 ||    28
       Animate Skeleton  |     6 |    13 ||    19
Evoke: Wand              |       |     1 ||     1
 Stab: Sleeping          |     3 |     3 ||     6
  Eat: Chunk             |    16 |    18 ||    34
Armor: Robe              |    16 |       ||    16
       Leather armour    |       |    78 ||    78
Dodge: Dodged            |    98 |   159 ||   257
